 Dungeon Crawl Stone Soup version 0.30-a0-959-g3818848631 (webtiles) character file.

Game seed: 14293062255785795743

620 Ijustatesigmund the Digger (level 7, 0/36 HPs)
             Began as a Deep Elf Conjurer on Mar 30, 2023.
             Slain by an orc warrior
             ... wielding a +0 halberd
              (10 damage)
             ... in a bailey.
             The game lasted 00:07:55 (3558 turns).

Ijustatesigmund the Digger (Deep Elf Conjurer)      Turns: 3558, Time: 00:07:56

Health: 0/36       AC:  8    Str:  4    XL:     7   Next: 22%
Magic:  3/15       EV: 12    Int: 25    God:
Gold:   309        SH:  0    Dex: 13    Spells: 5/14 levels left

rFire   . . .      SeeInvis .    c - +0 war axe
rCold   . . .      Faith    .    (no shield)
rNeg    . . .      Spirit   .    a - +0 robe
rPois   .          Reflect  .    (no helmet)
rElec   .          Rampage  .    e - +2 cloak
rCorr   .                        d - +2 pair of gloves
Will    .....                    (no boots)
Stlth   ++                       (no amulet)
HPRegen 0.26/turn                (no ring)
MPRegen 0.14/turn                (no ring)

@: no status effects
A: no striking features
a: no special abilities


You were in a bailey.
You visited 1 branch of the dungeon, and saw 5 of its levels.
You also visited: Bailey.

You collected 309 gold pieces.

Inventory:

Hand Weapons
 c - a +0 war axe (weapon)
Armour
 a - a +0 robe (worn)
 d - a +2 pair of gloves (worn)
 e - a +2 cloak (worn)
 i - a +0 buckler
 n - the +0 helmet "Bihetoge" {Harm rElec Int+5}
   (You found it on level 2 of the Dungeon)

   Int:       It affects your intelligence (+5).
   rElec:     It insulates you from electricity.
   Harm:      It increases damage dealt and taken.
Magical Staves
 f - a staff of fire
Potions
 b - a potion of magic
 g - 4 potions of curing
 p - a potion of heal wounds {unknown}


   Skills:
 - Level 2.4 Dodging
 - Level 2.4 Stealth
 - Level 4.2 Spellcasting
 - Level 5.0 Conjurations
 + Level 7.7 Earth Magic


You had 5 spell levels left.
You knew the following spells:

 Your Spells              Type           Power      Damage    Failure   Level
a - Magic Dart            Conj           100%       1d8       1%          1
b - Searing Ray           Conj           60%        2d6       1%          2
c - Stone Arrow           Conj/Erth      74%        3d11      1%          3
d - Passwall              Tmut/Erth      20%        N/A       2%          2
e - Apportation           Tloc           10%        N/A       9%          1

Your spell library contained the following spells:

 Spells                   Type           Power      Damage    Failure   Level
 Sandblast                Erth           86%        2d18      1%          1
 Necrotise                Necr           20%        1d5       9%          1
 Summon Small Mammal      Summ           20%        N/A       9%          1
 Dazzling Flash           Conj/Hex       34%        N/A       10%         3
 Fulminant Prism          Conj/Hex       8%         3d7       30%         4
 Iskenderun's Mystic Bla  Conj/Tloc      17%        2d5       30%         4


Dungeon Overview and Level Annotations

Branches:
Dungeon (7/15)             Temple (0/1) D:4          Bailey (1/1)

Altars:
Hepliaklqana
Makhleb

Annotations:
D:7 Dowan


Message History

(Press . to maintain the ray.)
The orc hits you from afar with a +0 halberd.
The orc warrior barely misses you.
Casting: Searing Ray (safe; 1% risk of failure)
Confirm with . or Enter, or press ? or * to list all spells.
Aiming: Magic Dart (safe; 1% risk of failure)
Press: ? - help, Shift-Dir - straight line, f/p - orc
Aim: an orc, wielding a +0 halberd and wearing a +3 chain mail (100% to hit)
The magic dart hits the orc but does no damage.
The orc hits you from afar with a +0 halberd.
The orc warrior misses you.
Casting: Magic Dart (safe; 1% risk of failure)
Confirm with . or Enter, or press ? or * to list all spells.
Aiming: Magic Dart (safe; 1% risk of failure)
Press: ? - help, Shift-Dir - straight line, f/p - orc
Aim: an orc, wielding a +0 halberd and wearing a +3 chain mail (100% to hit)
The magic dart hits the orc but does no damage.
The orc closely misses you. The orc warrior closely misses you.
Casting: Magic Dart (safe; 1% risk of failure)
Confirm with . or Enter, or press ? or * to list all spells.
Aiming: Magic Dart (safe; 1% risk of failure)
Press: ? - help, Shift-Dir - straight line, f/p - orc
Aim: an orc, wielding a +0 halberd and wearing a +3 chain mail (100% to hit)
The magic dart hits the orc but does no damage.
The orc hits you from afar with a +0 halberd!
The orc warrior closely misses you.
Casting: Magic Dart (safe; 1% risk of failure)
Confirm with . or Enter, or press ? or * to list all spells.
Aiming: Magic Dart (safe; 1% risk of failure)
Press: ? - help, Shift-Dir - straight line, f/p - orc
Aim: an orc, wielding a +0 halberd and wearing a +3 chain mail (100% to hit)
The magic dart hits the orc.
The orc is almost dead.
The orc closely misses you.
The orc warrior hits you from afar with a +0 halberd.
There is a gate leading back out of this place here.
The orc hits you from afar with a +0 halberd!
* * * LOW HITPOINT WARNING * * *
The orc warrior hits you from afar with a +0 halberd!
You die...

#≈≈≈≈≈≈≈#....#≈≈≈≈.
#≈≈≈....#....#.....
#≈≈................
#♣..♣.♣.......♣♣.##
♣♣............♣.#
###............#
##.....oo...##
#..........#
#♣..∩..@..♣#
♣........♣
♣♣......♣♣ ♣♣♣♣♣♣♣♣


You could see an orc warrior and an orc.

Vanquished Creatures
  An orc warrior (D:7)
  A sky beast (D:7)
  A bullfrog (D:4)
  2 scorpions
  A hound (D:4)
  A sleepcap (D:7)
  An orc priest (D:7)
  An orc wizard (D:7)
  An iguana (D:4)
  A gnoll (D:7)
  4 adders
  3 dart slugs
  4 orcs
  3 endoplasms
  2 giant cockroaches
  12 goblins
  8 hobgoblins
  A quokka (D:2)
  3 ball pythons
  2 bats (D:1)
  3 frilled lizards
  5 kobolds
  4 rats
65 creatures vanquished.

Notes
Turn   | Place    | Note
-------+----------+-------------------------------------------
     0 | D:1      | Ijustatesigmund the Deep Elf Conjurer began the quest for
                  | the Orb.
     0 | D:1      | Reached XP level 1. HP: 10/10 MP: 6/6
   342 | D:1      | Reached XP level 2. HP: 15/15 MP: 5/8
   745 | D:2      | Learned a level 2 spell: Searing Ray
  1069 | D:2      | Reached skill level 5 in Conjurations
  1069 | D:2      | Reached XP level 3. HP: 19/19 MP: 3/10
  1235 | D:2      | Identified the +0 helmet "Bihetoge" {Harm rElec Int+5}
  1618 | D:2      | Learned a level 3 spell: Stone Arrow
  1701 | D:3      | Reached skill level 1 in Earth Magic
  2082 | D:3      | Reached skill level 2 in Earth Magic
  2135 | D:3      | Found a hazy altar of Hepliaklqana.
  2316 | D:3      | Reached XP level 4. HP: 24/24 MP: 9/12
  2417 | D:3      | Found a burning altar of Makhleb.
  2417 | D:3      | Noticed an Executioner
  2420 | D:3      | Noticed a hellwing
  2420 | D:3      | Noticed an orange demon
  2604 | D:4      | Reached skill level 3 in Earth Magic
  2793 | D:4      | Noticed a scorpion
  2802 | D:4      | Killed a scorpion
  2803 | D:4      | Reached skill level 4 in Earth Magic
  2803 | D:4      | Reached XP level 5. HP: 22/28 MP: 2/13
  3003 | D:4      | Reached skill level 5 in Earth Magic
  3032 | D:4      | Reached XP level 6. HP: 32/32 MP: 8/14
  3187 | D:4      | Found a staircase to the Ecumenical Temple.
  3194 | D:4      | You fall into a shaft and drop 3 floors!
  3208 | D:7      | Learned a level 2 spell: Passwall
  3232 | D:7      | Found a flagged portal.
  3232 | D:7      | Noticed a sky beast
  3232 | D:7      | Noticed an orc warrior
  3270 | D:7      | Noticed Dowan
  3293 | D:7      | Reached skill level 6 in Earth Magic
  3340 | D:7      | Killed an orc warrior
  3341 | D:7      | Reached skill level 7 in Earth Magic
  3341 | D:7      | Reached XP level 7. HP: 2/36 MP: 8/15
  3350 | Bailey   | Entered a bailey
  3472 | Bailey   | Learned a level 1 spell: Apportation
  3558 | Bailey   | Slain by an orc warrior

Illustrated notes

Levels and vault maps discovered:
D:1:      amcnicky_arrival_blooded_trapdoor, layout_basic,
          kennysheep_decorative_pillar, minmay_misc_feat_cross,
          interstate_on_off, nrook_mini_backslash
D:2:      layout_basic
D:3:      layout_loops_cross, makhleb_altar_promises_db, amcnicky_altar_gilded
D:4:      layout_basic, minmay_temple_entry_antechambers, st_stairs_4,
          minmay_strange_pillars
D:7:      layout_basic, amethyst_overflow_temple_binary, enter_bailey_7,
          hangedman_minor_gate_pass, uniq_prince_ribbit1, uniq_duvessa,
          uniq_joseph
Bailey:   bailey_polearm_elven_captive_hellmonk, bailey

Skill      XL: |  1  2  3  4  5  6 |
---------------+-------------------+-----
Spellcasting   | 4 |  4.2
Conjurations   | 5 |  5.0
Earth Magic    | 2 4 5 7 |  7.7
Dodging        | |  2.4
Stealth        | |  2.4

Action                     |  1- 3 |  4- 6 |  7- 9 || total
---------------------------+-------+-------+-------++-------
   Cast: Magic Dart        |    71 |    37 |     4 ||   112
         Searing Ray       |       |    11 |     3 ||    14
         Stone Arrow       |       |     1 |       ||     1
         Passwall          |       |     5 |       ||     5
    Use: Scroll            |       |     6 |     2 ||     8
         Potion            |       |     3 |       ||     3
 Armour: Robe              |     3 |    12 |     1 ||    16
  Dodge: Dodged            |     6 |    19 |    15 ||    40

Table legend: (Time is in decaauts)
 A = Elapsed time spent in this place.
 B = Non-inter-level travel time spent in this place.
 C = Inter-level travel time spent in this place.
 D = Time resting spent in this place.
 E = Time spent auto-exploring this place.
 F = Levels seen in this place.
 G = Mean time per level.
                   A        B        C        D        E       F      G
               +--------+--------+--------+--------+--------+-----+--------+
         Total |   3556 |   3525 |     31 |    462 |   2597 |   6 |  592.7 |
       Dungeon |   3348 |   3317 |     31 |    313 |   2574 |   5 |  669.6 |
        Bailey |    207 |    207 |      0 |    149 |     23 |   1 |  207.0 |
               +--------+--------+--------+--------+--------+-----+--------+

Top non-repeatable levels by time:
     D:2: 918 daAuts
     D:3: 912 daAuts
     D:1: 713 daAuts
     D:4: 647 daAuts
  Bailey: 207 daAuts
     D:7: 155 daAuts
